 Dungeon Crawl Stone Soup version 0.28-a0-998-gb9e9c7b67e (webtiles) character file.

Game seed: 11391130630230945366

340 Armakuni the Ducker (level 6, -2/48 HPs)
             Began as a Human Monk on Dec 5, 2021.
             Slain by an ogre (14 damage)
             ... on level 5 of the Dungeon.
             The game lasted 00:09:02 (5120 turns).

Armakuni the Ducker (Human Monk)                    Turns: 5120, Time: 00:09:03

Health: -2/48      AC:  5    Str: 11    XL:     6   Next: 87%
Magic:  6/6        EV: 13    Int: 18    God:
Gold:   172        SH:  0    Dex: 16    Spells: 5/5 levels left

rFire   . . .      SeeInvis .   b - +1 dagger (drain)
rCold   . . .      Faith    .   (no shield)
rNeg    . . .      Spirit   .   m - +0 leather armour
rPois   .          Reflect  .   (no helmet)
rElec   .          Harm     .   f - +0 cloak
rCorr   +          Rampage  .   (no gloves)
Will    .....                   l - +0 pair of boots
Stlth   ++........              (no amulet)
HPRegen 0.16/turn               I - +6 ring of intelligence
MPRegen 0.10/turn               K - ring of resist corrosion

@: no status effects
A: no striking features
a: no special abilities


You were on level 5 of the Dungeon.
You visited 1 branch of the dungeon, and saw 5 of its levels.

You collected 172 gold pieces.

Inventory:

Hand Weapons
 b - a +1 dagger of draining (weapon)
Armour
 f - a +0 cloak (worn)
 j - a +0 crystal plate armour
 l - a +0 pair of boots (worn)
 m - a +0 leather armour (worn)
Magical Staves
 a - a staff of earth
Jewellery
 F - a ring of fire
 I - a +6 ring of intelligence (left hand)
 J - a ring of ice
 K - a ring of resist corrosion (right hand)
Scrolls
 e - 2 scrolls of fog
 g - 3 scrolls of identify
 h - a scroll of vulnerability


   Skills:
 - Level 3.7 Fighting
 - Level 3.0(3.5) Maces & Flails
 + Level 2.9(3.5) Staves
 - Level 3.7 Dodging
 - Level 2.0 Stealth
 + Level 3.0 Earth Magic
 + Level 2.9 Evocations


You had 5 spell levels left.
You didn't know any spells.
Your spell library contained the following spells:

 Spells                   Type           Power      Damage    Failure   Level
 Magic Dart               Conj           0%         1d3       28%         1
 Call Imp                 Summ           0%         N/A       41%         2
 Mephitic Cloud           Conj/Pois/Air  0%         N/A       65%         3


Dungeon Overview and Level Annotations

Branches:
Dungeon (5/15)
 Temple: D:4-7

Altars:
Qazlal
Trog
The Shining One

Annotations:
D:4 3 runed translucent doors, ThreePoint314's ghost, novice DsGl; VincentAMV's ghost, novice GrFi; Yorgos's ghost, amateur DjGl; bmj180's ghost, amateur GrEE; hansi's ghost, amateur HOFi


Message History

You enter the shallow water.
Moving in this stuff is going to be slow.
You enter the shallow water.
Moving in this stuff is going to be slow.
HP restored.
An ogre comes into view. It is wielding a +0 giant club.
An ogre is nearby!
An ogre is nearby!
An ogre is nearby!
You aren't carrying any items that you can evoke.
You don't know any spells.
Okay, then.
You aren't carrying any items that you can evoke.
The ogre shouts!
You aren't carrying any potions.
Okay, then.
Unknown command.
You aren't carrying any items that you can evoke.
You hit the ogre. You drain the ogre.
The ogre is moderately wounded.
The ogre hits you with a +0 giant club!!
You barely miss the ogre.
The ogre is moderately wounded.
The ogre closely misses you.
You hit the ogre. You drain the ogre.
The ogre is heavily wounded.
The ogre hits you with a +0 giant club.
You hit the ogre.
The ogre is heavily wounded.
You hit the ogre.
The ogre is severely wounded.
The ogre hits you with a +0 giant club!
* * * LOW HITPOINT WARNING * * *
You hit the ogre. You drain the ogre.
The ogre is severely wounded.
The ogre barely misses you.
You hit the ogre.
The ogre is almost dead.
The ogre hits you with a +0 giant club!
You die...

##...# .##### ####..###
.# #........ .#
######........ .#
####.....≈≈≈..... .#
####≈............≈.# .#
#≈≈≈≈≈≈≈≈≈≈≈≈≈≈≈≈≈≈≈
.#### #≈≈≈≈≈≈≈≈≈≈O≈≈≈≈≈≈
....####.≈≈..≈..@≈.≈...#
.##......#...≈..≈.≈..≈##
###########≈≈≈..≈≈≈..##
############


You could see an ogre (drained).

Vanquished Creatures
  A scorpion (D:4)
  A hound (D:5)
  An iguana (D:4)
  2 orc wizards (D:4)
  A howler monkey skeleton (D:5)
  6 adders
  A worm (D:4)
  2 dart slugs (D:4)
  15 orcs
  3 ball pythons
  10 endoplasms
  3 giant cockroaches (D:1)
  10 goblins
  5 hobgoblins
  5 quokkas
  9 bats
  6 frilled lizards
  7 kobolds
  11 rats
99 creatures vanquished.

Notes
Turn   | Place    | Note
-------+----------+-------------------------------------------
     0 | D:1      | Armakuni the Human Monk began the quest for the Orb.
     0 | D:1      | Reached XP level 1. HP: 18/18 MP: 1/1
   231 | D:1      | Reached XP level 2. HP: 24/24 MP: 2/2
   819 | D:1      | Reached XP level 3. HP: 28/28 MP: 3/3
  1338 | D:2      | Reached XP level 4. HP: 24/37 MP: 4/4
  1806 | D:2      | Found a faded altar of an unknown god.
  1907 | D:2      | Reached skill level 1 in Staves
  1907 | D:2      | Reached skill level 1 in Evocations
  2215 | D:2      | Reached skill level 1 in Earth Magic
  2290 | D:3      | Found a stormy altar of Qazlal.
  2579 | D:3      | Found a bloodstained altar of Trog.
  2579 | D:3      | Found a glowing golden altar of the Shining One.
  2722 | D:3      | Reached XP level 5. HP: 42/42 MP: 5/5
  3580 | D:4      | Found a runed translucent gate.
  3580 | D:4      | Found a runed translucent gate.
  3580 | D:4      | Found a runed translucent gate.
  3581 | D:4      | Noticed bmj180's ghost (amateur GrEE)
  3581 | D:4      | Noticed hansi's ghost (amateur HOFi)
  3581 | D:4      | Noticed ThreePoint314's ghost (novice DsGl)
  3581 | D:4      | Noticed Yorgos's ghost (amateur DjGl)
  3582 | D:4      | Noticed VincentAMV's ghost (novice GrFi)
  3624 | D:4      | Reached XP level 6. HP: 48/48 MP: 6/6
  4928 | D:5      | Entered Level 5 of the Dungeon
  4936 | D:5      | Noticed a black bear
  5109 | D:5      | Noticed an ogre
  5120 | D:5      | Slain by an ogre

Illustrated notes

Levels and vault maps discovered:
D:1:      lightli_arrival_statuegarden, layout_basic
D:2:      minmay_inner_zag, layout_basic, ebering_ecumenical_altar_petrified
D:3:      layout_rooms, nicolae_qazlal_general_emergency,
          gammafunk_temple_overflow_wave, serial_curves, eino_curves_04,
          eino_curves_02, eino_curves_01
D:4:      layout_cave_pods, gammafunk_ghost_cemetery
D:5:      layout_rooms, serial_rivers, chequers_serial_rivers_room_b,
          chequers_serial_rivers_marsh, chequers_serial_rivers_small_3,
          chequers_serial_rivers_small_3, minivault_19

Skill      XL: |  1  2  3  4  5  6 |
---------------+-------------------+-----
Staves         | 1 2 |  2.9
Evocations     | 1 2 |  2.9
Earth Magic    | 1 2 3 |  3.0
Fighting       | |  3.7
Maces & Flails | |  3.0
Dodging        | |  3.7
Stealth        | |  2.0

Action                   |  1- 3 |  4- 6 || total
-------------------------+-------+-------++-------
Melee: Mace              |    52 |       ||    52
       Dagger            |    33 |   290 ||   323
       Staff             |    14 |       ||    14
  Use: Scroll            |     1 |     9 ||    10
       Potion            |       |     5 ||     5
 Stab: Sleeping          |     5 |     7 ||    12
Armor: Robe              |    51 |       ||    51
       Leather armour    |     5 |    71 ||    76
Dodge: Dodged            |   117 |   158 ||   275

Table legend: (Time is in decaauts)
 A = Elapsed time spent in this place.
 B = Non-inter-level travel time spent in this place.
 C = Inter-level travel time spent in this place.
 D = Time resting spent in this place.
 E = Time spent auto-exploring this place.
 F = Levels seen in this place.
 G = Mean time per level.
                   A        B        C        D        E       F      G
               +--------+--------+--------+--------+--------+-----+--------+
         Total |   5116 |   5036 |     80 |   1123 |   2812 |   5 | 1023.2 |
       Dungeon |   5116 |   5036 |     80 |   1123 |   2812 |   5 | 1023.2 |
               +--------+--------+--------+--------+--------+-----+--------+

Top non-repeatable levels by time:
     D:4: 1820 daAuts
     D:2: 1311 daAuts
     D:1: 973 daAuts
     D:3: 831 daAuts
     D:5: 179 daAuts
